 Dungeon Crawl Stone Soup version 0.31-a0-236-g9a0961fb85 (webtiles) character file.

Game seed: 2179268394321428371

674 qw the Shooter (level 7, -12/43 HPs)
             Began as a Gargoyle Hexslinger on July 10, 2023.
             Mangled by an ogre
             ... wielding a +0 giant club
              (13 damage)
             ... on level 4 of the Dungeon.
             The game lasted 00:02:27 (4754 turns).

qw the Shooter (Gargoyle Hexslinger)                Turns: 4754, Time: 00:02:27

Health: -12/43     AC: 13    Str: 17    XL:     7   Next: 59%
Magic:  8/8        EV: 11    Int: 14    God:
Gold:   104        SH:  0    Dex: 14    Spells: 7/8 levels left

rFire   . . .        Y - +0 orcbow
rCold   . . .        (shield currently unavailable)
rNeg    + . .        l - +0 ring mail
rPois   inf          (no helmet)
rElec   +            h - +0 cloak
rCorr   +            k - +0 pair of gloves
SInv    .            d - +0 pair of boots
Will    .....        (no amulet)
Stlth   +            e - +6 ring of strength
HPRegen 0.27/turn    i - ring of resist corrosion
MPRegen 0.11/turn

%: no passive effects
@: no status effects
A: sickness immunity, AC +4, negative energy resistance 1, electricity
resistance, torment resistance 1, petrification resistance
a: no special abilities


You were on level 4 of the Dungeon.
You visited 1 branch of the dungeon, and saw 5 of its levels.

You collected 208 gold pieces.
You spent 104 gold pieces at shops.


Innate Abilities, Weirdness & Mutations

You are immune to sickness and miasma.
Your stone body is resilient. (AC +4)
You are immune to poison.
You resist negative energy. (rN+)
You are resistant to electric shocks. (rElec)
You are resistant to unholy torment.
You are immune to petrification.


   Skills:
 - Level 4.2 Fighting
 + Level 6.9 Ranged Weapons
 - Level 2.3 Armour
 - Level 1.5 Dodging
 - Level 1.0 Spellcasting
 - Level 2.6 Hexes


You had 7 spell levels left.
You knew the following spells:

 Your Spells              Type           Power      Damage    Failure   Level
a - Slow                  Hex            32%        N/A       16%         1

Your spell library contained the following spells:

 Spells                   Type           Power      Damage    Failure   Level
 Inner Flame              Hex/Fire       4%         N/A       63%         3
 Portal Projectile        Hex/Tloc       8%         N/A       63%         3
 Cause Fear               Hex            4%         N/A       83%         4

Inventory:

Hand Weapons
 Y - a +0 orcbow (weapon)
Armour
 d - a +0 pair of boots (worn)
 h - a +0 cloak (worn)
 k - a +0 pair of gloves (worn)
 l - a +0 ring mail (worn)
Jewellery
 e - a +6 ring of strength (left hand)
 i - a ring of resist corrosion (right hand)
Scrolls
 q - a scroll of identify
Potions
 a - 2 potions of enlightenment
 b - a potion of cancellation
 c - a potion of lignification {unknown}
 f - a potion of heal wounds {unknown}
 g - a potion of haste
 j - a potion of attraction {unknown}
 s - a potion of resistance {unknown}

Dungeon Overview and Level Annotations

Branches:
Dungeon (5/15)
 Temple: D:4-7

Altars:
Makhleb

Shops:
D:1 :!   D:3 :

Annotations:
D:1 2 runed translucent doors


Message History

You shoot an arrow. The arrow hits the hound.
The hound is heavily wounded.
The hound bites you but does no damage. The ogre hits you with a +0 giant club!
The hound bites you.
4744 ||| STAIRDANCE The hound bites you.
The ogre barely misses you. The hound bites you but does no damage.
You climb upwards.
There is a stone staircase leading down here.
You shoot an arrow.
The arrow hits the hound but does no damage.
The hound is heavily wounded.
The hound closely misses you.
You shoot an arrow. The arrow closely misses the hound.
The hound closely misses you. The ogre barely misses you.
The hound closely misses you.
You shoot an arrow. The arrow closely misses the hound.
The hound closely misses you. The ogre misses you.
The hound bites you but does no damage.
You shoot an arrow. The arrow barely misses the hound.
The hound closely misses you.
The ogre hits you with a +0 giant club!!
The hound bites you but does no damage.
You shoot an arrow. The arrow hits the hound.
The hound is severely wounded.
The hound bites you but does no damage. The ogre barely misses you.
The hound bites you.
You shoot an arrow. The arrow barely misses the hound.
The hound closely misses you. The ogre barely misses you.
The hound barely misses you.
You shoot an arrow. The arrow hits the hound.
The hound is severely wounded.
The hound closely misses you. The hound bites you but does no damage.
You shoot an arrow. The arrow closely misses the hound.
The ogre hits you with a +0 giant club! The hound bites you but does no damage.
The hound closely misses you.
You shoot an arrow. The arrow hits the hound!
You kill the hound!
The ogre hits you with a +0 giant club!
You die...

## .# .# ###
.########.##
.....(...#.#
.########.##
.### #.#
...#
#.#########
##.####
#.......@O#
##....#
#########%#
##.##.# #.#
...##.# #.#
.####.# #.#
## #.# #.#
#####%# #.#
......# #.#
###########
#.#


You could see an ogre.

Vanquished Creatures
  An ogre (D:4)
  A phantom (D:4)
  2 scorpions (D:4)
  2 orc priests (D:4)
  3 hounds (D:4)
  An iguana (D:3)
  2 orc wizards (D:4)
  3 gnolls (D:3)
  7 adders
  A shadow imp (D:5)
  A white imp (D:4)
  An ufetubus (D:4)
  A worm (D:3)
  3 dart slugs
  11 orcs
  3 ball pythons
  9 endoplasms
  3 giant cockroaches
  7 goblins
  3 hobgoblins
  2 jackals (D:1)
  3 quokkas
  3 bats
  4 frilled lizards
  7 kobolds
  6 rats
90 creatures vanquished.

Notes
Turn   | Place    | Note
-------+----------+-------------------------------------------
     0 | D:1      | qw the Gargoyle Hexslinger began the quest for the Orb.
     0 | D:1      | Reached XP level 1. HP: 12/12 MP: 2/2
     0 | D:1      | 0 ||| qw: Version: 0.3-a-52-g30416fa
     0 | D:1      | 0 ||| qw: Game counter: 4710
     0 | D:1      | 0 ||| qw: Melee chars always use a shield: true
     0 | D:1      | 0 ||| qw: God list: Okawaru
     0 | D:1      | 0 ||| qw: Allow faded altars: false
     0 | D:1      | 0 ||| qw: Do Orc after clearing Dungeon:15 true
     0 | D:1      | 0 ||| qw: Do second Lair branch before Depths: true
     0 | D:1      | 0 ||| qw: Lair rune preference: random
     0 | D:1      | 0 ||| qw: Goals: Normal
     0 | D:1      | 0 ||| PLANNING D:1-11
    43 | D:1      | Found a large runed translucent door.
    43 | D:1      | Found a large runed translucent door.
    66 | D:1      | 66 ||| FLEEEEING.
    67 | D:1      | 67 ||| FLEEEEING.
    68 | D:1      | 68 ||| FLEEEEING.
    69 | D:1      | 69 ||| FLEEEEING.
    70 | D:1      | 70 ||| FLEEEEING.
    71 | D:1      | 71 ||| FLEEEEING.
    72 | D:1      | 72 ||| FLEEEEING.
    73 | D:1      | 73 ||| FLEEEEING.
    74 | D:1      | 74 ||| FLEEEEING.
    75 | D:1      | 75 ||| FLEEEEING.
   277 | D:1      | Reached XP level 2. HP: 16/16 MP: 3/3
   520 | D:1      | Reached skill level 3 in Ranged Weapons
   695 | D:1      | Found Buebrut's Book Shop.
   763 | D:1      | You fall into a shaft and drop 1 floor!
   803 | D:2      | Reached XP level 3. HP: 21/21 MP: 4/4
   823 | D:2      | 823 ||| UPGRADING to +0 pair of boots.
   828 | D:2      | 828 ||| UPGRADING to +0 leather armour.
   838 | D:2      | 838 ||| DROPPING +0 robe.
   839 | D:2      | 839 ||| UPGRADING to +6 ring of strength.
   840 | D:2      | 840 ||| READING scroll labelled LEUGOAC WAFEFI.
   841 | D:2      | 841 ||| READING scroll labelled KUMOWAE OV ROI.
   845 | D:2      | 845 ||| DROPPING scroll of poison.
   847 | D:2      | 847 ||| Stepping randomly (stuck).
   848 | D:2      | 848 ||| Stepping randomly (stuck).
   849 | D:2      | 849 ||| Stepping randomly (stuck).
   850 | D:2      | 850 ||| Stepping randomly (stuck).
   851 | D:2      | 851 ||| Stepping randomly (stuck).
   852 | D:2      | 852 ||| Stepping randomly (stuck).
   853 | D:2      | 853 ||| Stepping randomly (stuck).
   854 | D:2      | 854 ||| Stepping randomly (stuck).
   876 | D:2      | 876 ||| Stepping randomly (stuck).
   877 | D:2      | 877 ||| Stepping randomly (stuck).
   878 | D:2      | 878 ||| Stepping randomly (stuck).
   879 | D:2      | 879 ||| Stepping randomly (stuck).
   880 | D:2      | 880 ||| Stepping randomly (stuck).
   881 | D:2      | 881 ||| Stepping randomly (stuck).
   882 | D:2      | 882 ||| Stepping randomly (stuck).
   883 | D:2      | 883 ||| Stepping randomly (stuck).
   889 | D:2      | 889 ||| Stepping randomly (stuck).
   890 | D:2      | 890 ||| Stepping randomly (stuck).
   891 | D:2      | 891 ||| Stepping randomly (stuck).
   892 | D:2      | 892 ||| Stepping randomly (stuck).
   893 | D:2      | 893 ||| Stepping randomly (stuck).
   894 | D:2      | 894 ||| Stepping randomly (stuck).
   895 | D:2      | 895 ||| Stepping randomly (stuck).
   896 | D:2      | 896 ||| Stepping randomly (stuck).
   897 | D:2      | 897 ||| Stepping randomly (stuck).
   898 | D:2      | 898 ||| Stepping randomly (stuck).
   899 | D:2      | 899 ||| Stepping randomly (stuck).
   900 | D:2      | 900 ||| Stepping randomly (stuck).
   901 | D:2      | 901 ||| Stepping randomly (stuck).
   902 | D:2      | 902 ||| Stepping randomly (stuck).
   903 | D:2      | 903 ||| Stepping randomly (stuck).
   904 | D:2      | 904 ||| Stepping randomly (stuck).
   905 | D:2      | 905 ||| Stepping randomly (stuck).
   906 | D:2      | 906 ||| Stepping randomly (stuck).
   907 | D:2      | 907 ||| Stepping randomly (stuck).
   908 | D:2      | 908 ||| Stepping randomly (stuck).
   909 | D:2      | 909 ||| Stepping randomly (stuck).
   910 | D:2      | 910 ||| Stepping randomly (stuck).
   911 | D:2      | 911 ||| Stepping randomly (stuck).
   912 | D:2      | 912 ||| Stepping randomly (stuck).
   913 | D:2      | 913 ||| Stepping randomly (stuck).
   914 | D:2      | 914 ||| Stepping randomly (stuck).
   915 | D:2      | 915 ||| Stepping randomly (stuck).
   916 | D:2      | 916 ||| Stepping randomly (stuck).
   917 | D:2      | 917 ||| Stepping randomly (stuck).
   918 | D:2      | 918 ||| Stepping randomly (stuck).
   919 | D:2      | 919 ||| Stepping randomly (stuck).
   920 | D:2      | 920 ||| Stepping randomly (stuck).
   921 | D:2      | 921 ||| Stepping randomly (stuck).
   922 | D:2      | 922 ||| Stepping randomly (stuck).
   923 | D:2      | 923 ||| Stepping randomly (stuck).
   924 | D:2      | 924 ||| Stepping randomly (stuck).
   925 | D:2      | 925 ||| Stepping randomly (stuck).
   926 | D:2      | 926 ||| Stepping randomly (stuck).
   927 | D:2      | 927 ||| Stepping randomly (stuck).
   928 | D:2      | 928 ||| Stepping randomly (stuck).
   929 | D:2      | 929 ||| Stepping randomly (stuck).
   930 | D:2      | 930 ||| Stepping randomly (stuck).
   931 | D:2      | 931 ||| Stepping randomly (stuck).
   932 | D:2      | 932 ||| Stepping randomly (stuck).
   933 | D:2      | 933 ||| Stepping randomly (stuck).
   934 | D:2      | 934 ||| Stepping randomly (stuck).
   935 | D:2      | 935 ||| Stepping randomly (stuck).
   936 | D:2      | 936 ||| Stepping randomly (stuck).
   937 | D:2      | 937 ||| Stepping randomly (stuck).
   938 | D:2      | 938 ||| Stepping randomly (stuck).
   939 | D:2      | 939 ||| Stepping randomly (stuck).
   940 | D:2      | 940 ||| Stepping randomly (stuck).
   941 | D:2      | 941 ||| Stepping randomly (stuck).
   942 | D:2      | 942 ||| Stepping randomly (stuck).
   943 | D:2      | 943 ||| Stepping randomly (stuck).
   944 | D:2      | 944 ||| Stepping randomly (stuck).
   945 | D:2      | 945 ||| Stepping randomly (stuck).
   946 | D:2      | 946 ||| Stepping randomly (stuck).
   947 | D:2      | 947 ||| Stepping randomly (stuck).
   948 | D:2      | 948 ||| Stepping randomly (stuck).
   949 | D:2      | 949 ||| Stepping randomly (stuck).
   950 | D:2      | 950 ||| Stepping randomly (stuck).
   951 | D:2      | 951 ||| Stepping randomly (stuck).
   952 | D:2      | 952 ||| Stepping randomly (stuck).
   953 | D:2      | 953 ||| Stepping randomly (stuck).
   954 | D:2      | 954 ||| Stepping randomly (stuck).
   955 | D:2      | 955 ||| Stepping randomly (stuck).
   956 | D:2      | 956 ||| Stepping randomly (stuck).
   957 | D:2      | 957 ||| Stepping randomly (stuck).
   958 | D:2      | 958 ||| Stepping randomly (stuck).
   959 | D:2      | 959 ||| Stepping randomly (stuck).
   960 | D:2      | 960 ||| Stepping randomly (stuck).
   961 | D:2      | 961 ||| Stepping randomly (stuck).
   962 | D:2      | 962 ||| Stepping randomly (stuck).
   963 | D:2      | 963 ||| Stepping randomly (stuck).
   964 | D:2      | 964 ||| Stepping randomly (stuck).
   965 | D:2      | 965 ||| Stepping randomly (stuck).
   966 | D:2      | 966 ||| Stepping randomly (stuck).
   967 | D:2      | 967 ||| Stepping randomly (stuck).
   968 | D:2      | 968 ||| Stepping randomly (stuck).
   969 | D:2      | 969 ||| Stepping randomly (stuck).
   970 | D:2      | 970 ||| Stepping randomly (stuck).
   971 | D:2      | 971 ||| Stepping randomly (stuck).
   972 | D:2      | 972 ||| Stepping randomly (stuck).
   973 | D:2      | 973 ||| Stepping randomly (stuck).
   974 | D:2      | 974 ||| Stepping randomly (stuck).
   975 | D:2      | 975 ||| Stepping randomly (stuck).
   976 | D:2      | 976 ||| Stepping randomly (stuck).
   977 | D:2      | 977 ||| Stepping randomly (stuck).
   978 | D:2      | 978 ||| Stepping randomly (stuck).
   979 | D:2      | 979 ||| Stepping randomly (stuck).
   980 | D:2      | 980 ||| Stepping randomly (stuck).
   981 | D:2      | 981 ||| Stepping randomly (stuck).
   982 | D:2      | 982 ||| Stepping randomly (stuck).
   983 | D:2      | 983 ||| Stepping randomly (stuck).
   985 | D:2      | 985 ||| Stepping randomly (stuck).
   986 | D:2      | 986 ||| Stepping randomly (stuck).
   987 | D:2      | 987 ||| Stepping randomly (stuck).
   988 | D:2      | 988 ||| Stepping randomly (stuck).
   989 | D:2      | 989 ||| Stepping randomly (stuck).
   990 | D:2      | 990 ||| Stepping randomly (stuck).
   991 | D:2      | 991 ||| Stepping randomly (stuck).
   992 | D:2      | 992 ||| Stepping randomly (stuck).
   993 | D:2      | 993 ||| Stepping randomly (stuck).
   994 | D:2      | 994 ||| Stepping randomly (stuck).
   995 | D:2      | 995 ||| Stepping randomly (stuck).
   996 | D:2      | 996 ||| Stepping randomly (stuck).
   997 | D:2      | 997 ||| Stepping randomly (stuck).
   998 | D:2      | 998 ||| Stepping randomly (stuck).
   999 | D:2      | 999 ||| Stepping randomly (stuck).
  1000 | D:2      | 1000 ||| Stepping randomly (stuck).
  1001 | D:2      | 1001 ||| Stepping randomly (stuck).
  1002 | D:2      | 1002 ||| Stepping randomly (stuck).
  1003 | D:2      | 1003 ||| Stepping randomly (stuck).
  1004 | D:2      | 1004 ||| Stepping randomly (stuck).
  1005 | D:2      | 1005 ||| Stepping randomly (stuck).
  1006 | D:2      | 1006 ||| Stepping randomly (stuck).
  1007 | D:2      | 1007 ||| Stepping randomly (stuck).
  1008 | D:2      | 1008 ||| Stepping randomly (stuck).
  1009 | D:2      | 1009 ||| Stepping randomly (stuck).
  1010 | D:2      | 1010 ||| Stepping randomly (stuck).
  1011 | D:2      | 1011 ||| Stepping randomly (stuck).
  1012 | D:2      | 1012 ||| Stepping randomly (stuck).
  1013 | D:2      | 1013 ||| Stepping randomly (stuck).
  1014 | D:2      | 1014 ||| Stepping randomly (stuck).
  1015 | D:2      | 1015 ||| Stepping randomly (stuck).
  1016 | D:2      | 1016 ||| Stepping randomly (stuck).
  1025 | D:2      | 1025 ||| FLEEEEING.
  1026 | D:2      | 1026 ||| STAIRDANCE
  1081 | D:1      | Found Agokh's Distillery.
  1089 | D:1      | 1089 ||| SHOPLISTING 2 potions of heal wounds (130 gold,
                  | have 111).
  1089 | D:1      | 1089 ||| BUYING potion of cancellation (104 gold).
  1089 | D:1      | Bought a potion of cancellation for 104 gold pieces
  1089 | D:1      | 1089 ||| SHOPLISTING potion of enlightenment (65 gold, have
                  | 7).
  1089 | D:1      | 1089 ||| SHOPLISTING potion of resistance (130 gold, have
                  | 7).
  1280 | D:1      | 1280 ||| READING scroll labelled ERU IF NOC.
  1381 | D:1      | 1381 ||| DRINKING 2 black potions.
  1559 | D:2      | Reached XP level 4. HP: 26/26 MP: 5/5
  1617 | D:2      | Reached skill level 4 in Ranged Weapons
  1909 | D:2      | 1909 ||| UPGRADING to +0 pair of gloves.
  1914 | D:2      | 1914 ||| UPGRADING to ring of resist corrosion.
  1915 | D:2      | 1915 ||| READING scroll labelled DUMNYR KUIXON.
  2021 | D:3      | 2021 ||| FLEEEEING.
  2128 | D:3      | HP: 6/26 [worm (5)]
  2288 | D:3      | Reached XP level 5. HP: 30/30 MP: 6/6
  2358 | D:3      | Found Havul's Book Shoppe.
  2370 | D:3      | Found a faded altar of an unknown god.
  2542 | D:3      | 2542 ||| Stepping ~*~*~tactically~*~*~ (outnumbered).
  2545 | D:3      | 2545 ||| Stepping ~*~*~tactically~*~*~ (outnumbered).
  2547 | D:3      | 2547 ||| Stepping ~*~*~tactically~*~*~ (outnumbered).
  2554 | D:3      | Reached skill level 5 in Ranged Weapons
  2559 | D:3      | HP: 6/30 [gnoll/+0 halberd (7)]
  2560 | D:3      | 2560 ||| READING scroll of teleportation.
  2693 | D:3      | 2693 ||| SWAPPING to +0 orcbow.
  2694 | D:3      | 2694 ||| DROPPING +2 sling.
  3377 | D:3      | 3377 ||| UPGRADING to +0 ring mail.
  3387 | D:3      | 3387 ||| DROPPING +0 leather armour.
  3388 | D:3      | 3388 ||| DROPPING amulet of magic regeneration.
  3389 | D:3      | 3389 ||| READING scroll labelled SIREAR HEKO.
  3390 | D:3      | 3390 ||| READING scroll labelled DIOLONKA ZUTWO.
  3391 | D:3      | 3391 ||| READING scroll labelled UJEMIBO TYDIPARPH.
  3392 | D:3      | 3392 ||| DRINKING 2 cyan potions.
  3393 | D:3      | 3393 ||| READING 2 scrolls of identify.
  3393 | D:3      | 3393 ||| IDENTIFYING ruby potion
  3394 | D:3      | 3394 ||| DROPPING potion of brilliance.
  3467 | D:4      | Reached XP level 6. HP: 32/36 MP: 7/7
  3555 | D:4      | 3555 ||| Stepping ~*~*~tactically~*~*~ (outnumbered).
  3557 | D:4      | 3557 ||| Stepping ~*~*~tactically~*~*~ (outnumbered).
  3564 | D:4      | Reached skill level 3 in Fighting
  3566 | D:4      | 3566 ||| DRINKING potion of curing.
  3566 | D:4      | 3566 ||| (to cure confusion)
  3577 | D:4      | HP: 5/37 [orc priest/divine providence (12)]
  3583 | D:4      | HP: 5/37 [something (1)]
  3591 | D:4      | HP: 5/37 [something (1)]
  3853 | D:4      | 3853 ||| Stepping ~*~*~tactically~*~*~ (outnumbered).
  3870 | D:4      | 3870 ||| FLEEEEING.
  4348 | D:4      | Found a burning altar of Makhleb.
  4353 | D:4      | Reached skill level 6 in Ranged Weapons
  4359 | D:4      | 4359 ||| UPGRADING to +0 cloak.
  4364 | D:4      | 4364 ||| DRINKING 3 blue potions.
  4430 | D:5      | Entered Level 5 of the Dungeon
  4431 | D:5      | 4431 ||| PLANNING OSSUARY
  4431 | D:5      | 4431 ||| STAIRDANCE
  4538 | D:5      | 4538 ||| STAIRDANCE
  4543 | D:4      | Reached XP level 7. HP: 35/41 MP: 8/8
  4568 | D:5      | 4568 ||| STAIRDANCE
  4574 | D:4      | HP: 8/41 [ogre/+0 giant club (8)]
  4579 | D:4      | HP: 8/43 [scorpion (2)]
  4586 | D:4      | HP: 10/43 [adder (1)]
  4709 | D:5      | 4709 ||| STAIRDANCE
  4744 | D:5      | 4744 ||| STAIRDANCE
  4749 | D:4      | HP: 10/43 [ogre/+0 giant club (19)]
  4753 | D:4      | HP: 1/43 [ogre/+0 giant club (9)]
  4754 | D:4      | Mangled by an ogre

Levels and vault maps discovered:
D:1:      erik_arrival_cave_to_civilisation [erik_arrival_cave_to_temple],
          layout_loops_corners, serial_shops, shop, shop
D:2:      layout_loops_ring
D:3:      minmay_inner_zag, layout_basic, ebering_ecumenical_altar_sacrificial,
          serial_shops, nicolae_shop_statue_plus
D:4:      layout_loops_ring, makhleb_blood_cavern_becter, grunt_ministairs_2
D:5:      layout_cave_pools, nicolae_ossuary_entry_plus, uniq_blork_the_orc

Skill      XL: |  1  2  3  4  5  6  7 |
---------------+----------------------+-----
Ranged Weapons | 3 4 5 6 |  6.9
Fighting       | 2 3 4 |  4.2
Armour         | 2 |  2.3
Dodging        | |  1.5
Spellcasting   | |  1.0
Hexes          | |  2.6

Action                     |  1- 3 |  4- 6 |  7- 9 || total
---------------------------+-------+-------+-------++-------
   Fire: Sling             |   116 |    95 |       ||   211
         Orcbow            |       |   126 |    57 ||   183
    Use: Scroll            |     3 |     6 |       ||     9
         Potion            |     1 |     3 |       ||     4
 Armour: Robe              |    10 |       |       ||    10
         Leather armour    |    21 |    19 |       ||    40
         Ring mail         |       |    63 |    57 ||   120
  Dodge: Dodged            |    38 |   105 |    65 ||   208

Table legend:
 A = Non-vault XP
 B = Vault XP
 C = Vault XP percentage of total XP
 D = Non-vault monster count
 E = Vault monster count
 F = Vault count percentage of total count
                 A         B        C        D         E       F
            +---------+---------+-------+---------+---------+-------
      Total |     912 |      93 |   9.3 |      81 |       9 |  10.0
            +---------+---------+-------+---------+---------+-------
        D:1 |      27 |       3 |  10.0 |      14 |       2 |  12.5
        D:2 |      68 |       0 |   0.0 |      18 |       0 |   0.0
        D:3 |     105 |      46 |  30.5 |      24 |       4 |  14.3
        D:4 |     701 |      44 |   5.9 |      24 |       3 |  11.1
        D:5 |      11 |       0 |   0.0 |       1 |       0 |   0.0
            +---------+---------+-------+---------+---------+-------
